 Dungeon Crawl Stone Soup version 0.21-a0-582-g1b93aee (webtiles) character file.

99 tof the Twirler (level 4, 0/34 HPs)
             Began as a Demonspawn Gladiator on Dec 19, 2017.
             Slain by a hobgoblin
             ... wielding a +0 club
              (1 damage)
             ... while paralysed by Grinder
             ... on level 3 of the Dungeon.
             The game lasted 00:04:02 (2828 turns).

tof the Twirler (Demonspawn Gladiator)              Turns: 2828, Time: 00:04:03

Health: 0/34       AC: 11    Str: 14    XL:     4   Next: 45%
Magic:  4/4        EV:  2    Int: 10    God:
Gold:   121        SH:  0    Dex: 15    Spells: 3/3 levels left

rFire    . . .     SeeInvis .   a - +1 whip (flame)
rCold    . . .     Gourm    .   (no shield)
rNeg     . . .     Faith    .   e - +0 ring mail
rPois    .         Spirit   .   c - +0 helmet
rElec    .         Reflect  .   (no cloak)
rCorr    .         Harm     .   o - +1 pair of gloves
MR       .....                  m - +2 pair of boots
Stlth    +.........             (no amulet)
HPRegen  0.11/turn              (no ring)
MPRegen  0.09/turn              (no ring)

@: paralysed
A: hooves 2
a: no special abilities


You were on level 3 of the Dungeon.
You were very hungry.

You visited 1 branch of the dungeon, and saw 3 of its levels.

You collected 121 gold pieces.

Inventory:

Hand Weapons
 a - a +1 whip of flaming (weapon)
 b - a +0 blowgun
 g - a +0 quarterstaff
Missiles
 d - 2 throwing nets
 i - 50 stones (quivered)
 p - 9 poisoned needles
Armour
 c - a +0 helmet (worn)
 e - a +0 ring mail (worn)
 m - a +2 pair of boots (worn)
 o - a +1 pair of gloves (worn)
Magical Staves
 n - an uncursed staff of conjuration {unknown}
Scrolls
 j - a scroll of teleportation {unknown}
 l - a scroll of enchant armour {unknown}
 r - a scroll of immolation {unknown}
Potions
 h - 2 potions of haste {unknown}
 k - 2 potions of cancellation {unknown}
 q - a potion of flight {unknown}
Comestibles
 f - 6 rations


   Skills:
 + Level 2.7 Fighting
 * Level 3.6 Staves
 + Level 2.4 Throwing
 + Level 1.5 Armour
 - Level 2.6 Dodging


You had 3 spell levels left.
You didn't know any spells.

Dungeon Overview and Level Annotations

Branches:
Dungeon (3/15)

Altars:

Annotations:
D:3 Grinder


Innate Abilities, Weirdness & Mutations

You have hoof-like feet.


Message History

Grinder is severely wounded.
The hobgoblin hits you but does no damage.
Grinder hits you.
* * * LOW HITPOINT WARNING * * *
You writhe in agony.
* * * LOW HITPOINT WARNING * * *
You closely miss Grinder.
Grinder is severely wounded.
Grinder hits you.
* * * LOW HITPOINT WARNING * * *
You writhe in agony.
* * * LOW HITPOINT WARNING * * *
The hobgoblin closely misses you.
You hit Grinder. You burn Grinder.
Grinder is severely wounded.
Grinder gestures at you.
You suddenly lose the ability to move!
The hobgoblin hits you but does no damage.
Grinder blinks!
The hobgoblin hits you with a club.
You die...

#.............# #####
#.............# #....
#####.............####....
+...'...............##....
#####...............##....
#.>.......).....##....
####'#######....##....
##g..$.# #..........
#.ยง@...# #..........
..........(+ #.......)..
.........?.# #..........
...........# #####......
...........# #......
#####......# #......
#...#### #...... #####
#...... #......


You could see a hobgoblin.

Vanquished Creatures
  A worker ant (D:3)
  A gnoll (D:1)
  An ooze (D:2)
  A worm (D:3)
  A dart slug (D:1)
  5 leopard geckos
  A ball python (D:2)
  5 bats
  4 giant cockroaches
  8 goblins
  4 hobgoblins
  7 kobolds
  2 frilled lizards
  10 rats
51 creatures vanquished.

Notes
Turn   | Place    | Note
-------+----------+-------------------------------------------
     0 | D:1      | tof the Demonspawn Gladiator began the quest for the Orb.
     0 | D:1      | Reached XP level 1. HP: 16/16 MP: 1/1
   490 | D:1      | Gained mutation: You have large cloven feet. [demonic ancestry]
   490 | D:1      | Reached XP level 2. HP: 22/22 MP: 2/2
   556 | D:1      | Reached skill level 3 in Staves
   761 | D:1      | Gained mutation: You have hoof-like feet. [demonic ancestry]
   761 | D:1      | Reached XP level 3. HP: 7/28 MP: 3/3
  1029 | D:1      | Reached skill level 1 in Armour
  2182 | D:2      | Reached XP level 4. HP: 34/34 MP: 4/4
  2800 | D:3      | Noticed Grinder
  2819 | D:3      | Paralysed by Grinder for 4 turns
  2826 | D:3      | HP: 1/34 [Grinder (2)]
  2827 | D:3      | Paralysed by Grinder for 5 turns
  2828 | D:3      | Slain by a hobgoblin

Vault maps used:
D:1:      dpeg_arrival_erosion
D:3:      uniq_grinder

Skill      XL: |  1  2  3 |
---------------+----------+-----
Staves         | 3 |  3.6
Throwing       | 2 |  2.4
Armour         | 1 |  1.5
Fighting       | |  2.7
Dodging        | |  2.6

Action                   |  1- 3 |  4- 6 || total
-------------------------+-------+-------++-------
Melee: Whip              |   107 |    48 ||   155
       Quarterstaff      |     9 |       ||     9
       Kick              |    18 |       ||    18
Throw: Stone             |       |     3 ||     3
       Throwing net      |       |     1 ||     1
 Stab: Sleeping          |     1 |       ||     1
  Eat: Chunk             |     4 |     1 ||     5
Armor: Ring mail         |    50 |    20 ||    70
       Leather armour    |     2 |       ||     2
Dodge: Dodged            |    87 |    22 ||   109

Table legend:
 A = Spawn XP
 B = Non-spawn XP
 C = Spawn XP percentage of total XP
 D = Spawn monster count
 E = Non-spawn monster count
 F = Spawn count percentage of total count
 G = Total turns spent on level
                    A         B        C        D         E        F      G
               +---------+---------+-------+---------+---------+-------+---------
         Total |       0 |     142 |   0.0 |       0 |      51 |   0.0 |  2828
               +---------+---------+-------+---------+---------+-------+---------
           D:1 |       0 |      58 |   0.0 |       0 |      25 |   0.0 |  1358
           D:2 |       0 |      40 |   0.0 |       0 |      20 |   0.0 |   979
           D:3 |       0 |      44 |   0.0 |       0 |       6 |   0.0 |   491
               +---------+---------+-------+---------+---------+-------+---------
